 Dungeon Crawl Stone Soup version 0.17-a0-1719-g1afd5a1 (webtiles) character file.

120 Gargoyl the Skirmisher (level 4, -4/37 HPs)
             Began as a Demonspawn Abyssal Knight on Aug 28, 2015.
             Was a Believer of Lugonu.
             Slain by a gnoll
             ... wielding a +0 spear
              (5 damage)
             ... on level 3 of the Dungeon.
             The game lasted 00:06:05 (2300 turns).

Gargoyl the Skirmisher (Demonspawn Abyssal Knight)  Turns: 2300, Time: 00:06:05

Health: -4/37      AC:  6    Str: 14    XL:     4   Next: 75%
Magic:  6/6        EV: 11    Int: 13    God:    Lugonu [**....]
Gold:   131        SH:  0    Dex: 12    Spells: 0 memorised, 3 levels left

rFire  . . .     SeeInvis .     a - +1 hand axe
rCold  . . .     Clarity  .     e - +0 ring mail
rNeg   . . .     SustAt   .     (no shield)
rPois  .         Gourm    .     (no helmet)
rElec  .         Spirit   .     (no cloak)
rCorr  .         Warding  .     d - +0 pair of gloves
rMut   .         Stasis   .     (no boots)
MR     .....                    (no amulet)
Stlth  +.........               (no ring)
                                (no ring)

@: invisible, not resistant to hostile enchantments, very unstealthy
A: talons 1, powered by death 2
a: Depart the Abyss, Bend Space, Renounce Religion


You were on level 3 of the Dungeon.
You worshipped Lugonu.
Lugonu was pleased with you.
You were not hungry.

You visited 1 branch of the dungeon, and saw 3 of its levels.
You visited the Abyss 1 time.

You collected 131 gold pieces.

Inventory:

Hand weapons
 a - a +1 hand axe (weapon)
Missiles
 k - 3 tomahawks (quivered)
Armour
 d - a +0 pair of gloves (worn)
 e - a +0 ring mail (worn)
Magical devices
 i - a wand of enslavement (5)
Scrolls
 f - 4 scrolls of identify
 h - a scroll of magic mapping {unknown}
 m - a scroll of teleportation {unknown}
Potions
 j - a potion of heal wounds {unknown}
Comestibles
 c - a bread ration
 l - a beef jerky


   Skills:
 + Level 3.7 Fighting
 + Level 2.4 Axes
 + Level 0.1 Throwing
 + Level 2.6 Armour
 + Level 2.0 Dodging
 + Level 0.4 Stealth
 + Level 3.1 Invocations


You had 3 spell levels left.
You didn't know any spells.

Dungeon Overview and Level Annotations

Branches:
Dungeon (3/15)

Altars:
Trog


Innate Abilities, Weirdness & Mutations

You have sharp toenails.
You regenerate health from kills.


Message History

The gnoll closely misses you.
You hit the gnoll. You claw the gnoll, but do no damage.
The gnoll is almost dead.
The gnoll hits you from afar with a spear.
* * * LOW HITPOINT WARNING * * *
The gnoll hits you.
* * * LOW HITPOINT WARNING * * *
Drink which item? (? for menu, Esc to quit)
It was a potion of cancellation.
You feel magically purged. The gnoll misses you. The gnoll hits you.
* * * LOW HITPOINT WARNING * * *
Drink which item? (? for menu, Esc to quit)
You don't have any such object.
Drink which item? (? for menu, Esc to quit)
You don't have any such object.
Drink which item? (? for menu, Esc to quit)
It was a potion of invisibility.
You fade into invisibility!
The gnoll hits you from afar with a spear.
You die...

..#.....# #####..#.#####
#.....>#g# #....# #.#
#....# #.# #####
####....+ #.# #...#
........###.# #.#.#
....รท.....#.######.#.#
.......##.#...gg@..#.#
........#.##########.#
........#..........#.#
#####
......########..##.#.####
#...#
.<....########..##.#....#
#._.#
###..........#..##.####.#
#.).#
....#........#..##.####.#
#...#
#.#.##########..##......#
#...# ..#.#
#.......############.##


You could see 2 gnolls.

Vanquished Creatures
  Jessica (D:2)
  3 adders
  3 gnolls
  A worm (D:2)
  4 giant cockroaches
  6 hobgoblins
  2 ball pythons
  8 bats
  2 giant geckos
  2 giant newts
  3 goblins
  6 kobolds
  2 rats (D:2)
43 creatures vanquished.

Notes
Turn   | Place    | Note
--------------------------------------------------------------
     0 | Abyss:1  | Gargoyl the Demonspawn Abyssal Knight began the quest for the Orb.
     0 | Abyss:1  | Reached XP level 1. HP: 18/18 MP: 2/2
    35 | Abyss:1  | Found a burning altar of Makhleb.
   133 | Abyss:1  | Noticed a wretched star
   134 | D:1      | Escaped the Abyss
   430 | D:1      | Reached skill level 1 in Dodging
   430 | D:1      | Gained mutation: You regenerate a little health from kills. [demonic ancestry]
   430 | D:1      | Reached XP level 2. HP: 21/24 MP: 4/4
   438 | D:1      | Acquired Lugonu's first power
  1017 | D:2      | Gained mutation: You have sharp toenails. [demonic ancestry]
  1017 | D:2      | Reached XP level 3. HP: 24/29 MP: 5/5
  1629 | D:2      | Noticed Jessica
  1634 | D:2      | Killed Jessica
  1634 | D:2      | Gained mutation: You regenerate health from kills. [demonic ancestry]
  1634 | D:2      | Reached XP level 4. HP: 30/35 MP: 6/6
  1873 | D:3      | Found a bloodstained altar of Trog.
  2044 | D:2      | Acquired Lugonu's second power
  2299 | D:3      | HP: 1/37 [gnoll (5)]
  2300 | D:3      | Slain by a gnoll

Vault maps used:
D:1:      minmay_arrival_three_doors
D:2:      uniq_jessica
D:3:      trog_book

Action                   |  1- 3 |  4- 6 || total
-------------------------+-------+-------++-------
Melee: Hand axe          |   107 |    57 ||   164
Throw: Tomahawk          |     5 |       ||     5
Invok: Depart the Abyss  |     1 |       ||     1
  Use: Scroll            |     2 |       ||     2
       Potion            |       |     4 ||     4
  Eat: Bread ration      |     1 |       ||     1
       Chunk             |     1 |       ||     1
